 Dungeon Crawl Stone Soup version 0.25-a0-869-g05d4e06a41 (webtiles) character file.

Game seed: 3376449727655266070, levelgen mode: classic

1738 EnegeticOcto the Vandal (level 8, -1/42 HPs)
             Began as a Spriggan Fighter on Apr 30, 2020.
             Was a Believer of Zin.
             Splashed by a centaur's acid (14 damage)
             ... on level 6 of the Dungeon on May 1, 2020.
             The game lasted 00:35:07 (8176 turns).

EnegeticOcto the Vandal (Spriggan Fighter)          Turns: 8176, Time: 00:35:07

Health: -1/42      AC:  6    Str: 12    XL:     8   Next: 77%
Magic:  12/12      EV: 21    Int: 11    God:    Zin [**....]
Gold:   224        SH:  6    Dex: 16    Spells: 7/7 levels left

rFire    . . .     SeeInvis +   b - +1 hunting sling
rCold    . . .     Gourm    .   c - +0 buckler
rNeg     . . .     Faith    .   n - +0 robe
rPois    .         Spirit   .   (helmet restricted)
rElec    .         Reflect  .   j - +1 cloak
rCorr    .         Harm     .   (gloves unavailable)
MR       +....                  (boots unavailable)
Stlth    +++.......             (no amulet)
HPRegen  0.14/turn              (no ring)
MPRegen  0.13/turn              i - +6 ring of protection {=R}

@: corroded, very quick
A: very small, unfitting armour, see invisible, herbivore, speed 3, slow
metabolism 2
a: Recite, Vitalisation, Donate Gold, Renounce Religion


You were on level 6 of the Dungeon.
You worshipped Zin.
Zin was pleased with you.
You were not hungry.

You visited 2 branches of the dungeon, and saw 7 of its levels.

You collected 248 gold pieces.
You donated 24 gold pieces to Zin.

Inventory:

Hand Weapons
 a - a +0 rapier
 b - a +1 hunting sling (weapon)
Missiles
 f - 110 stones
 h - 138 arrows
 r - 18 sling bullets
 w - 12 poisoned darts (quivered)
 D - a throwing net {!f}
Armour
 c - a +0 buckler (worn)
 j - a +1 cloak (worn)
 n - a +0 robe (worn)
Jewellery
 d - an uncursed ring of ice
 i - a +6 ring of protection (right hand) {=R}
Wands
 C - a wand of digging (2) {@v3}
Scrolls
 k - a scroll of blinking {@r4}
 m - a scroll of silence {unknown}
 q - 2 scrolls of teleportation {@r3 !r}
 y - a scroll of fear {unknown}
 z - a scroll of summoning {unknown}
 E - a scroll of magic mapping {unknown}
Potions
 g - a potion of heal wounds {@q2 !q}
 l - a potion of degeneration {unknown}
 o - 2 potions of flight {unknown}
 p - 2 potions of cancellation {unknown}
 s - a potion of berserk rage {unknown}
 t - a potion of haste {unknown}
 u - 8 potions of curing {@q1 !q}
 v - 2 potions of ambrosia {unknown}
 x - 2 potions of mutation {unknown}
 A - 3 potions of brilliance
 B - 2 potions of lignification {unknown}
Comestibles
 e - 9 rations


   Skills:
 + Level 4.7 Fighting
 - Level 3.1 Short Blades
 + Level 7.0 Slings
 + Level 6.2 Dodging
 - Level 6.0 Stealth
 + Level 3.1 Shields
 + Level 5.0 Invocations


You had 7 spell levels left.
You didn't know any spells.
Your spell library was empty.

Dungeon Overview and Level Annotations

Branches:
Dungeon (6/15)             Temple (1/1) D:4

Altars:
Ashenzari
Dithmenos
Elyvilon
Nemelex Xobeh
Qazlal
Uskayaw
Vehumet
Wu Jian
Xom
Yredelemnul
Zin
The Shining One

Shops:
D:6 *

Annotations:
D:2 Sigmund
D:3 Grinder
D:4 2 transporters
D:6 exclusion: centaur


Innate Abilities, Weirdness & Mutations

You are very small and have problems with some larger weapons.
You are too small for most types of armour.
You have supernaturally acute eyesight. (SInv)
You are a herbivore.
You cover ground extremely quickly.
You need to consume almost no food.


Message History

Press: ? - help, Shift-Dir - straight line, f/p - ice beast
Aim: an ice beast (severely wounded)
You shoot a stone. The stone hits the ice beast.
The ice beast is severely wounded.
Firing (i - inventory. (/) - cycle)
f - 100 stones (quivered)
Press: ? - help, Shift-Dir - straight line, f/p - ice beast
Aim: an ice beast (severely wounded)
You shoot a stone. The stone hits the ice beast.
The ice beast is almost dead.
Firing (i - inventory. (/) - cycle)
f - 99 stones (quivered)
Press: ? - help, Shift-Dir - straight line, f/p - ice beast
Aim: an ice beast (almost dead)
You shoot a stone. The stone closely misses the ice beast.
Firing (i - inventory. (/) - cycle)
f - 98 stones (quivered)
Press: ? - help, Shift-Dir - straight line, f/p - ice beast
Aim: an ice beast (almost dead)
You shoot a stone. The stone barely misses the ice beast.
Firing (i - inventory. (/) - cycle)
f - 97 stones (quivered)
Press: ? - help, Shift-Dir - straight line, f/p - ice beast
Aim: an ice beast (almost dead)
You shoot a stone. The stone hits the ice beast.
You kill the ice beast!
Your Slings skill increases to level 7!
Your Invocations skill increases to level 5!
HP restored.
f - 97 stones (gained 1)
f - 98 stones (gained 1)
f - 99 stones (gained 1)
f - 100 stones (gained 1)
f - 101 stones (gained 1)
f - 102 stones (gained 1)
f - 104 stones (gained 2)
f - 105 stones (gained 1)
f - 110 stones (gained 5)
Things that are here:
a +0 dagger; a +0 robe
Things that are here:
a +0 trident; a +0 chain mail; an orc skeleton
Found a dagger.
You see here a dagger.
You see here a dagger.
There is an open door here.
There is an open door here.
Things that are here:
a +0 trident; a +0 chain mail; an orc skeleton
Things that are here:
a +0 dagger; a +0 robe The centaur is too close now for your liking.
Press: ? - help, v - describe, . - travel
Here: a centaur, wielding a +0 shortbow, quivering 4 arrows and carrying a wand of acid (8) (hasn't noticed you)
The floor.
Throwing (i - inventory. (/) - cycle)
w - 18 poisoned darts (quivered)
Press: ? - help, Shift-Dir - straight line, f - centaur
Aim: a centaur, wielding a +0 shortbow, quivering 4 arrows and carrying a wand of acid (8) (hasn't noticed you)
You throw a poisoned dart.
The poisoned dart barely misses the centaur.
The centaur shouts!
The centaur shoots an arrow.
The arrow hits you but does no damage.
You see here an arrow.
Throwing (i - inventory. (/) - cycle)
w - 17 poisoned darts (quivered)
Press: ? - help, Shift-Dir - straight line, f/p - centaur
Aim: a centaur, wielding a +0 shortbow, quivering 3 arrows and carrying a wand of acid (8)
You throw a poisoned dart. The poisoned dart hits the centaur.
The centaur is poisoned.
The centaur shoots an arrow.
You block the arrow.
The centaur shoots an arrow.
The arrow hits you.
You see here an arrow.
Throwing (i - inventory. (/) - cycle)
w - 16 poisoned darts (quivered)
Press: ? - help, Shift-Dir - straight line, f/p - centaur
Aim: a centaur, wielding a +0 shortbow, quivering an arrow and carrying a wand of acid (8) (poisoned)
You throw a poisoned dart.
The poisoned dart closely misses the centaur.
The centaur shoots an arrow.
The arrow hits you.
Throwing (i - inventory. (/) - cycle)
w - 15 poisoned darts (quivered)
Press: ? - help, Shift-Dir - straight line, f/p - centaur
Aim: a centaur, wielding a +0 shortbow and carrying a wand of acid (8) (lightly wounded, poisoned)
You throw a poisoned dart. The poisoned dart hits the centaur!
The centaur looks even sicker.
The centaur is lightly wounded.
The centaur zaps a wand.
The bolt of acid misses you.
Throwing (i - inventory. (/) - cycle)
w - 14 poisoned darts (quivered)
Press: ? - help, Shift-Dir - straight line, f/p - centaur
Aim: a centaur, wielding a +0 shortbow and carrying a wand of acid (7) (heavily wounded, very poisoned)
You throw a poisoned dart. The poisoned dart hits the centaur.
The centaur looks even sicker.
The centaur is heavily wounded.
Things that are here:
a +0 dagger; a +0 robe
Things that are here:
a +0 trident; a +0 chain mail; an orc skeleton Unknown command.
Throwing (i - inventory. (/) - cycle)
w - 13 poisoned darts (quivered)
Press: ? - help, Shift-Dir - straight line, f/p - centaur
Aim: a centaur, wielding a +0 shortbow and carrying a wand of acid (7) (severely wounded, very poisoned)
You throw a poisoned dart. The poisoned dart hits the centaur.
The centaur looks even sicker.
The centaur is severely wounded.
The centaur zaps a wand.
The bolt of acid hits you!!
Ouch! That really hurt!
The acid corrodes you!
You are splashed with acid!
You die...

#§.§# #.# #._.# #÷# #☼.☼#
##.## #...####...## ######
#☼.☼##......# .....#
#...##...)..# ####.#
###'######.#.# #.#
###.....###....# #.#
##(c)...@...#.#.## #.#
##.##.....#.##....#
###.###.#####'####.###..#
#.....#...##...# ##.#)..#
##.###.#.####§.§# ##.#..#
...# #.#..###...# ###..#
((.###.#c#.##§.§# #..#
##.c(..(#.###._.#######..#
.......###.##§.§##.......#


You could see a centaur.

Vanquished Creatures
  2 orc warriors (D:6)
  A sky beast (D:4)
  3 ice beasts
  A black bear (D:6)
  3 ogres (D:5)
  A bullfrog (D:6)
  2 howler monkeys (D:4)
  2 hounds
  2 orc priests (D:6)
  3 iguanas
  5 orc wizards (D:6)
  5 worker ants
  A hound zombie (D:5)
  A hound skeleton (D:4)
  3 gnolls (D:5)
  13 adders
  2 oozes
  An adder zombie (D:4)
  2 worms
  A leopard gecko (D:3)
  17 orcs
  A ball python (D:2)
  6 bats
  2 giant cockroaches
  10 goblins
  3 hobgoblins
  A frilled lizard (D:1)
  7 kobolds
  A quokka skeleton (D:5)
  10 rats
112 creatures vanquished.

Notes
Turn   | Place    | Note
-------+----------+-------------------------------------------
     0 | D:1      | EnegeticOcto the Spriggan Fighter began the quest for the
                  | Orb.
     0 | D:1      | Reached XP level 1. HP: 11/11 MP: 2/2
     0 | D:1      | Upgraded the game from 0.25-a0-865-gd392131cc7 to
                  | 0.25-a0-869-g05d4e06a41
   138 | D:1      | Reached skill level 1 in Stealth
   396 | D:1      | Reached XP level 2. HP: 15/16 MP: 3/3
  1091 | D:2      | Noticed Sigmund
  1186 | D:2      | Reached XP level 3. HP: 19/19 MP: 4/4
  1264 | D:2      | Found a shadowy altar of Dithmenos.
  1407 | D:2      | Reached skill level 1 in Slings
  1744 | D:2      | Reached skill level 2 in Slings
  2159 | D:2      | Reached XP level 4. HP: 23/23 MP: 5/5
  2334 | D:2      | Reached skill level 3 in Slings
  3177 | D:3      | Found a white marble altar of Elyvilon.
  3212 | D:3      | Became a worshipper of Elyvilon the Healer
  3320 | D:3      | Reached skill level 4 in Slings
  3325 | D:3      | Noticed Grinder
  3690 | D:4      | Reached XP level 5. HP: 27/27 MP: 6/6
  3820 | D:4      | Reached skill level 5 in Slings
  3993 | D:4      | Found a staircase to the Ecumenical Temple.
  4001 | Temple   | Entered the Ecumenical Temple
  4041 | Temple   | Fell from the grace of Elyvilon
  4041 | Temple   | Became a worshipper of Zin the Law-Giver
  4041 | Temple   | Reached * piety under Zin
  4186 | D:4      | Found a transporter.
  4187 | D:4      | Noticed a sky beast
  4222 | D:4      | Killed a sky beast
  4222 | D:4      | Reached skill level 1 in Invocations
  4222 | D:4      | Reached XP level 6. HP: 32/32 MP: 7/7
  4267 | D:4      | Found a transporter.
  4280 | D:4      | Noticed a slime creature
  4283 | D:4      | Found a radiant altar of Vehumet.
  4283 | D:4      | Found a shimmering altar of Xom.
  5104 | D:5      | Entered Level 5 of the Dungeon
  5322 | D:5      | Reached skill level 6 in Slings
  5466 | D:5      | Noticed an ice beast
  5515 | D:5      | Killed an ice beast
  5515 | D:5      | Reached XP level 7. HP: 28/36 MP: 9/9
  5661 | D:5      | Reached skill level 5 in Stealth
  5718 | D:5      | Found a sparkling altar of Nemelex Xobeh.
  5858 | D:5      | Found a hide-covered altar of Uskayaw.
  5911 | D:5      | Reached ** piety under Zin
  6764 | D:6      | Reached XP level 8. HP: 39/42 MP: 12/12
  6819 | D:6      | Found Mechul's General Store.
  6880 | D:6      | Reached skill level 5 in Dodging
  7018 | D:6      | Found a stormy altar of Qazlal.
  7433 | D:6      | Found a basalt altar of Yredelemnul.
  7480 | D:6      | Found a glowing golden altar of the Shining One.
  7594 | D:6      | HP: 1/42 [acid (18)]
  7769 | D:6      | Noticed a profane servitor
  7909 | D:6      | Reached skill level 7 in Slings
  7909 | D:6      | Reached skill level 5 in Invocations
  8124 | D:6      | Noticed an angel
  8176 | D:6      | Splashed by a centaur's acid

Levels and vault maps discovered:
D:1:      matt_arrival_diagonals, layout_rooms
D:2:      layout_basic, grunt_dithmenos_smoke_and_mirrors, first_ration,
          uniq_sigmund
D:3:      layout_basic, elyvilon_altar_1, uniq_grinder
D:4:      layout_basic, gammafunk_temple_overflow_arena,
          minmay_temple_entry_waves, minmay_bisected
D:5:      layout_loops_ring, nemelex_xobeh_ov_fountains_minmay,
          eat_drink_and_be_merry_uskayaw
D:6:      layout_loops_ring, grunt_temple_overflow_holy_war,
          grunt_qazlal_sundering, serial_shops, shop
Temple:   minmay_temple_curvy_loop

Skill      XL: |  1  2  3  4  5  6  7  8 |
---------------+-------------------------+-----
Stealth        | 2 3 4 6 |  6.0
Short Blades   | 3 |  3.1
Slings         | 2 4 5 6 7 |  7.0
Invocations    | 1 2 4 5 |  5.0
Fighting       | 3 4 |  4.7
Dodging        | 6 |  6.2
Shields        | 3 |  3.1

Action                   |  1- 3 |  4- 6 |  7- 9 || total
-------------------------+-------+-------+-------++-------
Melee: Rapier            |    70 |    30 |    96 ||   196
 Fire: Hunting sling     |    37 |   247 |   207 ||   491
Throw: Stone             |    41 |       |       ||    41
       Dart              |       |       |    24 ||    24
Invok: Recite            |       |       |     8 ||     8
       Vitalisation      |       |       |     1 ||     1
  Use: Potion            |       |     1 |     2 ||     3
       Scroll            |       |     4 |     7 ||    11
 Stab: Sleeping          |     5 |       |     2 ||     7
       Invisible         |       |       |     3 ||     3
  Eat: Ration            |       |     1 |     1 ||     2
Armor: Robe              |     7 |    10 |    15 ||    32
Dodge: Dodged            |    42 |    49 |    82 ||   173
Block: Buckler           |    22 |    14 |    40 ||    76

Table legend:
 A = Non-vault XP
 B = Vault XP
 C = Vault XP percentage of total XP
 D = Non-vault monster count
 E = Vault monster count
 F = Vault count percentage of total count
                 A         B        C        D         E       F
            +---------+---------+-------+---------+---------+-------
      Total |    2402 |      82 |   3.3 |     109 |       3 |   2.7
            +---------+---------+-------+---------+---------+-------
        D:1 |      38 |       0 |   0.0 |      23 |       0 |   0.0
        D:2 |      79 |       0 |   0.0 |      14 |       0 |   0.0
        D:3 |      60 |       0 |   0.0 |      17 |       0 |   0.0
        D:4 |     298 |      82 |  21.6 |      10 |       3 |  23.1
        D:5 |     804 |       0 |   0.0 |      19 |       0 |   0.0
        D:6 |    1123 |       0 |   0.0 |      26 |       0 |   0.0
            +---------+---------+-------+---------+---------+-------
